AoeStats
← Slippery|Pete|

Arena

508130262Analyzed
1v1 RM · 12d ago on Sep 21, 2026· 35m 50s· 2 players
Game mode
Random Map
Map size
Tiny (2 player)
Population
200
Speed
Normal
Resources
Standard
Victory
Conquest
Starting age
Dark Age
Ending age
Imperial Age
RankedLock teamsTeams togetherTeam positionsShared explorationLock speedFull tech treeHidden civsTurbo modeCheats
Victory
Defeat
🇮🇳 Britons · India
968
+16
🇺🇸 Britons · United States
960
-16
Slippery|Pete|
11:28 Feudal Age
15:19 Castle Age
13:27 Double-Bit Axe
13:54 Horse Collar
18:00 Crossbowman
18:23 Pikeman
20:57 Stone Mining
21:20 Fletching
28:55 Bodkin Arrow
29:58 Padded Archer Armor
37:46 Imperial Age
bogo_king1
11:00 Feudal Age
12:01 Loom
14:41 Castle Age
12:35 Double-Bit Axe
15:36 Horse Collar
16:44 Fletching
20:18 Padded Archer Armor
23:31 Ballistics
24:24 Bodkin Arrow
26:09 Leather Archer Armor
29:16 Town Watch
33:14 Imperial Age
31:31 Gold Mining
35:19 Chemistry
35:11 Bracer
Connection lost

Rejoining the realm…

Still unreachable

The connection could not be restored.

Session expired

The server has moved on; the page needs a fresh start.